 Dungeon Crawl Stone Soup version bcrawl-1.17.3 (webtiles) character file.

Game seed: 11598856507890070708

1359 Chiseanne the Cudgeler (level 8, -5/62 HPs)
             Began as a Mummy Archaeologist on Oct 25, 2019.
             Slain by an ogre
             ... wielding a +0 giant club
              (26 damage)
             ... on level 6 of the Dungeon.
             The game lasted 00:07:07 (4803 turns).

Chiseanne the Cudgeler (Mummy Archaeologist)        Turns: 4803, Time: 00:07:08

Health: -5/62      AC: 13    Str: 14    XL:     8   Next: 37%
Magic:  8/8        EV:  8    Int: 15    God:
Gold:   254        SH:  0    Dex: 11    Spells: 7/7 levels left

rFire    x . .     SeeInvis .   a - +7 great mace "Undeadhunter" {disrupt, rN+}
rCold    + . .     Gourm    .   (shield currently unavailable)
rNeg     + + +     Faith    .   k - +1 chain mail
rPois    ∞         Spirit   .   q - +0 helmet
rElec    .         Reflect  .   (no cloak)
rCorr    .         Harm     .   (no gloves)
MR       +....     Clarity  +   d - +1 pair of boots
Stlth    ..........             (no amulet)
HPRegen  0.20/turn              (no ring)
MPRegen  0.11/turn              (no ring)

@: no status effects
A: no food or potions, fire vulnerability, clarity, cold resistance 1, negative
energy resistance 3, torment resistance, unbreathing
a: no special abilities


You were on level 6 of the Dungeon.
You were not hungry.

You visited 1 branch of the dungeon, and saw 6 of its levels.

You collected 254 gold pieces.

Inventory:

Hand Weapons
 a - the +7 great mace "Undeadhunter" (weapon) {disrupt, rN+}

   It protects you from negative energy.
 e - the cursed +0 whip of Tacuthrad {protect, rElec MP-9 Int+9 Dex-5}
   (You found it on level 5 of the Dungeon)

   It grants its wielder temporary protection when it strikes (+7 to AC).
   It affects your intelligence (+9).
   It affects your dexterity (-5).
   It insulates you from electricity.
   It affects your magic capacity (-9).
   It has a curse placed upon it.
 s - a +2 short sword of electrocution
Missiles
 g - 175 poisoned needles
 i - 329 arrows
 j - 1480 stones (quivered)
 l - 533 bolts
Armour
 d - a +1 pair of boots (worn)
 k - a +1 chain mail (worn)
 q - a +0 helmet (worn)
Wands
 f - a wand of paralysis (8)
 m - a wand of random effects (6)
Scrolls
 b - a scroll of fear
 c - 4 scrolls of remove curse
 h - 3 scrolls of identify
 n - 4 scrolls of teleportation
 o - a scroll of blinking {unknown}
 p - 2 scrolls of magic mapping
 r - a scroll of immolation


   Skills:
 * Level 5.1 Fighting
 - Level 5.9 Maces & Flails
 * Level 4.0 Armour
 * Level 4.9 Dodging
 - Level 2.6 Stealth


You had 7 spell levels left.
You didn't know any spells.
Your spell library contained the following spells:

 Spells                   Type           Power        Failure   Level  Hunger
 Freeze                   Ice            #.....       99%         1    N/A
 Shock                    Conj/Air       #....        99%         1    N/A
 Summon Small Mammal      Summ           #...         99%         1    N/A
 Call Imp                 Summ           #.......     100%        2    N/A
 Swiftness                Chrm/Air       #.......     100%        2    N/A
 Throw Frost              Conj/Ice       #.....       100%        2    N/A
 Call Canine Familiar     Summ           #.......     100%        3    N/A
 Ozocubu's Armour         Chrm/Ice       #.......     100%        3    N/A
 Static Discharge         Air            #.......     100%        3    N/A
 Airstrike                Air            #.........   100%        4    N/A
 Summon Ice Beast         Ice/Summ       #.......     100%        4    N/A
 Throw Icicle             Conj/Ice       #.......     100%        4    N/A
 Lightning Bolt           Conj/Air       #.........   100%        5    N/A
 Summon Lightning Spire   Summ/Air       #.......     100%        5    N/A

Dungeon Overview and Level Annotations

Branches:
Dungeon (6/12)
 Temple: D:4-7

Altars:
Qazlal
Sif Muna
Trog

Shops:
D:4 %   D:6 *


Innate Abilities, Weirdness & Mutations

You do not eat or drink.
Your flesh is vulnerable to fire.
You are immune to poison.
You possess an exceptional clarity of mind.
Your flesh is cold resistant. (rC+)
You are immune to negative energy. (rN+++)
You are immune to unholy pain and torment.
You can survive without breathing.


Message History

r - a scroll of immolation An ogre comes into view.
It is wielding a +0 giant club.
The ogre shouts!
You hear a shout!
The ogre barely misses you.
You bludgeon the ogre!!
The ogre is severely wounded.
The ogre hits you with a +0 giant club!
An ogre comes into view. It is wielding a +0 giant club.
You hit the ogre.
The ogre is severely wounded.
The ogre hits you with a +0 giant club!
You bludgeon the ogre!!
You kill the ogre!
Your Armour skill increases to level 4!
The ogre barely misses you.
You closely miss the ogre. The ogre hits you with a +0 giant club!
You hit the ogre.
The ogre is lightly wounded.
The ogre hits you with a +0 giant club!!
You die...

#. #.# #.# #.# #.#
########.# #
#........###.#
.#.##......@O.#
..........#####.
#..............#
#.####...#.#######
.........#.#
#.#####..#.#
.##.#......#.#
..........##.#..
..........##.#.#


You could see an ogre.

Vanquished Creatures
  A yak (D:6)
  A necrophage (D:5)
  2 phantoms
  3 ogres
  A bullfrog (D:5)
  A water moccasin skeleton (D:5)
  A scorpion (D:5)
  A howler monkey (D:4)
  2 crimson imps (D:5)
  A centaur zombie (D:5)
  A bullfrog skeleton (D:5)
  2 jellies
  2 orc wizards
  Jessica (D:2)
  An iguana (D:5)
  A worker ant (D:4)
  A killer bee zombie (D:5)
  A hound skeleton (D:3)
  A howler monkey skeleton (D:4)
  3 adders
  2 shadow imps
  An ooze (D:1)
  2 adder skeletons
  A dart slug (D:2)
  2 leopard geckos (D:2)
  12 orcs
  3 giant cockroaches
  5 goblins
  6 hobgoblins
  6 jackals
  2 kobolds
  2 quokkas
  2 bats
  5 frilled lizards
  2 leopard gecko zombies
  A quokka skeleton (D:4)
  A rat (D:1)
83 creatures vanquished.

Notes
Turn   | Place    | Note
-------+----------+-------------------------------------------
     0 | D:1      | Chiseanne the Mummy Archaeologist began the quest for the
                  | Orb.
     0 | D:1      | Reached XP level 1. HP: 15/15 MP: 1/1
   502 | D:1      | Reached XP level 2. HP: 21/21 MP: 2/2
  1080 | D:2      | Reached XP level 3. HP: 17/27 MP: 3/3
  1088 | D:2      | Reached skill level 1 in Maces & Flails
  1370 | D:2      | Found a faded altar of an unknown god.
  1636 | D:2      | Found a shimmering blue altar of Sif Muna.
  1754 | D:2      | Noticed Jessica
  1764 | D:2      | Killed Jessica
  1764 | D:2      | Reached XP level 4. HP: 33/33 MP: 4/4
  2720 | D:3      | Reached XP level 5. HP: 38/38 MP: 5/5
  2867 | D:4      | Found Geegead's Food Emporium.
  3147 | D:4      | Reached skill level 5 in Maces & Flails
  3259 | D:4      | Noticed an ogre
  3264 | D:4      | Killed an ogre
  3264 | D:4      | Reached skill level 1 in Armour
  3264 | D:4      | Reached XP level 6. HP: 45/45 MP: 6/6
  3616 | D:5      | Entered Level 5 of the Dungeon
  3796 | D:5      | Reached XP level 7. HP: 48/52 MP: 7/7
  3851 | D:5      | Found a bloodstained altar of Trog.
  3855 | D:5      | Got a slimy whip
  3890 | D:5      | Identified the cursed +0 whip of Tacuthrad {protect, rElec
                  | MP-9 Int+9 Dex-5} (You found it on level 5 of the Dungeon)
  4280 | D:5      | Found a stormy altar of Qazlal.
  4333 | D:5      | Reached XP level 8. HP: 58/61 MP: 8/8
  4658 | D:6      | Found Baotoc's Assorted Antiques.
  4692 | D:6      | Reached skill level 5 in Fighting
  4803 | D:6      | Slain by an ogre

Skill      XL: |  1  2  3  4  5  6  7  8 |
---------------+-------------------------+-----
Maces & Flails | 3 4 5 |  5.9
Fighting       | 2 3 4 5 |  5.1
Armour         | 1 2 3 4 |  4.0
Dodging        | 3 4 |  4.9
Stealth        | |  2.6

Action                   |  1- 3 |  4- 6 |  7- 9 || total
-------------------------+-------+-------+-------++-------
Melee: Whip              |    27 |       |       ||    27
       Short sword       |   196 |    78 |       ||   274
       Hand axe          |       |    39 |       ||    39
       Great mace        |       |    33 |    86 ||   119
Evoke: Wand              |       |     3 |       ||     3
  Use: Scroll            |       |    10 |     1 ||    11
Armor: Robe              |    20 |       |       ||    20
       Chain mail        |   155 |   117 |    60 ||   332
Dodge: Dodged            |   103 |    54 |    40 ||   197
